 Dungeon Crawl Stone Soup version 0.19.0-20-gbc5f0c6 (webtiles) character file.

109 shmeve the Shield-Bearer (level 4, 0/40 HPs)
             Began as a Minotaur Fighter on Nov 17, 2016.
             Slain by an orc wizard
             ... wielding a +0 dagger
              (2 damage)
             ... on level 3 of the Dungeon.
             The game lasted 00:03:06 (1632 turns).

shmeve the Shield-Bearer (Minotaur Fighter)         Turns: 1632, Time: 00:03:07

Health: 0/40       AC:  7    Str: 26    XL:     4   Next: 60%
Magic:  3/3        EV:  8    Int:  5    God:
Gold:   84         SH: 10    Dex: 10    Spells: 0 memorised, 3 levels left

rFire  . . .     SeeInvis .     a - +0 war axe
rCold  . . .     Gourm    .     b - +0 scale mail
rNeg   . . .     Faith    .     c - +0 shield
rPois  .         Spirit   .     (helmet restricted)
rElec  .         Reflect  .     (no cloak)
rCorr  .         Harm     .     (no gloves)
MR     .....                    (no boots)
Stlth  ..........               (no amulet)
                                (no ring)
                                (no ring)

@: mighty
A: retaliatory headbutt, horns 2
a: no special abilities


You were on level 3 of the Dungeon.
You were not hungry.

You visited 1 branch of the dungeon, and saw 3 of its levels.

You collected 84 gold pieces.

Inventory:

Hand Weapons
 a - a +0 war axe (weapon)
Armour
 b - a +0 scale mail (worn)
 c - a +0 shield (worn)
Scrolls
 e - a scroll of remove curse {unknown}
 i - 2 scrolls of identify {unknown}
 j - a scroll of recharging {unknown}
 l - a scroll of magic mapping {unknown}
 n - a scroll of teleportation {unknown}
Potions
 h - a potion of brilliance {unknown}
 k - a potion of curing {unknown}
Comestibles
 f - a bread ration
 g - a royal jelly
 m - 8 chunks of flesh


   Skills:
 * Level 4.3 Fighting
 * Level 3.5 Axes
 + Level 1.2 Throwing
 + Level 3.9 Armour
 + Level 1.4 Dodging
 * Level 4.4 Shields


You had 3 spell levels left.
You didn't know any spells.

Dungeon Overview and Level Annotations

Branches:
Dungeon (3/15)

Altars:


Innate Abilities, Weirdness & Mutations

You reflexively headbutt those who attack you in melee.
You have a pair of horns on your head.


Message History

The orc wizard is severely wounded.
You hit the orc priest. You block the orc wizard's attack.
The orc wizard closely misses you. You furiously retaliate!
You headbutt the orc wizard, but do no damage.
You block the orc priest's attack.
You closely miss the orc wizard. Your headbutt misses the orc wizard.
You hit the orc wizard but do no damage.
You hit the orc priest but do no damage.
You block the orc wizard's attack.
The orc wizard hits you but does no damage.
You block the orc wizard's attack. The orc priest hits you with a war axe!
* * * LOW HITPOINT WARNING * * *
You feel very mighty all of a sudden.
The orc wizard casts a spell.
The orc wizard hits you with a dagger.
* * * LOW HITPOINT WARNING * * *
The orc priest hits you with a war axe.
* * * LOW HITPOINT WARNING * * *
The orc wizard hits you with a dagger.
You die...

#.....................
#............#######..
#............# #..
#.[......##### ##.
##..?.....# #.
..........##### #.
#####.......... ...
#..†#####.# ###.
#o@..# ## #ooo...# ..
#.####.# ##+ ..⌠ ##
.##. #. #


You could see an orc priest, 2 orc wizards and an orc.

Vanquished Creatures
  5 adders
  A worm (D:3)
  2 dart slugs (D:2)
  2 leopard geckos
  3 orcs (D:3)
  4 giant cockroaches
  6 hobgoblins
  2 jackals (D:1)
  6 bats
  9 frilled lizards
  7 goblins (D:1)
  2 kobolds
  6 rats
55 creatures vanquished.

Notes
Turn   | Place    | Note
-------+----------+-------------------------------------------
     0 | D:1      | shmeve the Minotaur Fighter began the quest for the Orb.
     0 | D:1      | Reached XP level 1. HP: 19/19 MP: 0/0
   120 | D:1      | Reached XP level 2. HP: 15/27 MP: 1/1
   327 | D:1      | Reached XP level 3. HP: 30/33 MP: 2/2
   542 | D:2      | Reached skill level 1 in Dodging
   815 | D:2      | Reached skill level 1 in Throwing
   886 | D:2      | Reached XP level 4. HP: 38/40 MP: 3/3
  1632 | D:3      | HP: 2/40 [orc priest/war axe (1)]
  1632 | D:3      | Slain by an orc wizard

Skill      XL: |  1  2  3 |
---------------+----------+-----
Axes           | 3 |  3.5
Dodging        | 1 |  1.4
Shields        | 4 |  4.4
Fighting       | 4 |  4.3
Throwing       | 1 |  1.2
Armour         | |  3.9

Action                   |  1- 3 |  4- 6 || total
-------------------------+-------+-------++-------
Melee: War axe           |    81 |    60 ||   141
       Headbutt          |    11 |     4 ||    15
  Use: Potion            |       |     1 ||     1
  Eat: Chunk             |       |     3 ||     3
Armor: Scale mail        |    51 |    29 ||    80
Dodge: Dodged            |    42 |    22 ||    64
Block: Shield            |    58 |    30 ||    88
